[ AOE2 MATCH · #505893521 ]
UnrankedDravidians vs None
Rival team · LOSS
[ REPLAY ANALYSIS · EXTRACTED FROM THE RECORDED GAME ]
Feudal
12:44
Castle
16:54
Imperial
—
| APM avg | 61.3 |
| APM peak | 94 |
| eAPM avg | 25.7 |
| Villagers / military | 57 / 22 |
Focus
⚔️ 29.3% · 🌾 70.7%
Archer ×14 · Fishing Ship ×6 · Spearman ×4 · Mangonel ×3 · Armored Elephant ×1
Feudal
14:01
Castle
26:25
Imperial
—
| APM avg | 36.0 |
| APM peak | 61 |
| eAPM avg | 16.6 |
| Villagers / military | 47 / 11 |
Focus
⚔️ 18.6% · 🌾 81.4%
Fishing Ship ×9 · Scout Cavalry ×6 · Obuch ×3 · Spearman ×2
Match map
Initial resources + every placement click. Lines = walls · curves = elevation contours. ◆ gold · ⬟ stone · ● berries · ✦ relic · ◌ wall gap
Your base· Open — unwalled flank
BB3097790's base· Open — 4t gap
Smoothed initial terrain · ◌ = detected wall gap · hover for details
Inputs per minute
— General Nguyễn - - BB3097790
Build order — General Nguyễn
134 actions detected in the replay
| 0:18 | Build | Town Center |
| 0:39 | Build | Dock |
| 2:25 | Create | Villager (Male) ×4 |
| 2:25 | Create | Villager (Male) ×4 |
| 3:15 | Create | Fishing Ship |
| 3:24 | Create | Villager (Male) |
| 3:49 | Build | House |
| 4:34 | Research | Loom |
| 4:35 | Create | Fishing Ship |
| 5:15 | Create | Villager (Male) |
| 5:19 | Create | Fishing Ship |
| 5:33 | Build | House |
| 5:38 | Create | Villager (Male) |
| 5:57 | Build | House |
| 6:24 | Create | Villager (Male) |
| 6:24 | Create | Villager (Male) |
| 6:38 | Build | House |
| 6:45 | Create | Villager (Male) |
| 7:03 | Create | Villager (Male) |
| 7:05 | Create | Fishing Ship |
| 7:37 | Create | Villager (Male) |
| 7:37 | Create | Villager (Male) |
| 7:37 | Create | Villager (Male) |
| 7:39 | Create | Fishing Ship |
| 7:53 | Create | Villager (Male) |
| 8:25 | Create | Villager (Male) |
| 8:32 | Build | Mill |
| 8:47 | Create | Villager (Male) |
| 9:09 | Create | Villager (Male) |
| 9:10 | Create | Villager (Male) |
| 9:10 | Create | Villager (Male) |
| 9:10 | Create | Villager (Male) |
| 9:13 | Create | Fishing Ship |
| 9:23 | Build | House |
| 9:25 | Create | Villager (Male) |
| 10:15 | Build | Mining Camp |
| 10:25 | Research | Feudal Age |
| 11:06 | Build | Mining Camp |
| 11:25 | Build | House |
| 11:41 | Build | Barracks |
| 12:02 | Build | Dock |
| 12:44 | Age | Feudal Age |
| 12:51 | Build | Blacksmith |
| 13:37 | Build | Archery Range |
| 13:42 | Build | Palisade Wall |
| 13:44 | Build | Palisade Wall |
| 14:14 | Research | Castle Age |
| 14:57 | Build | Palisade Wall |
| 15:16 | Build | Watch Tower |
| 15:38 | Create | Archer |
| 16:14 | Create | Villager (Male) |
| 16:30 | Create | Archer |
| 16:30 | Create | Archer |
| 16:31 | Create | Villager (Male) |
| 16:44 | Create | Archer |
| 16:54 | Age | Castle Age |
| 16:55 | Build | Palisade Wall |
| 16:58 | Build | Siege Workshop |
| 17:00 | Create | Villager (Male) |
| 17:10 | Create | Villager (Male) |
| 17:15 | Build | Palisade Wall |
| 17:19 | Create | Spearman |
| 17:19 | Create | Spearman |
| 17:23 | Build | House |
| 17:27 | Build | House |
| 17:58 | Create | Spearman |
| 17:59 | Create | Villager (Male) |
| 17:59 | Create | Villager (Male) |
| 17:59 | Create | Villager (Male) |
| 18:24 | Create | Mangonel |
| 18:40 | Build | Palisade Wall |
| 18:51 | Create | Villager (Male) |
| 18:51 | Create | Villager (Male) |
| 18:52 | Create | Villager (Male) |
| 19:20 | Build | Mining Camp |
| 19:38 | Create | Archer |
| 19:45 | Create | Villager (Male) |
| 19:55 | Create | Mangonel |
| 20:03 | Build | House |
| 20:12 | Create | Villager (Male) |
| 20:15 | Create | Archer |
| 20:15 | Create | Archer |
| 20:42 | Create | Villager (Male) |
| 20:43 | Create | Archer |
| 20:51 | Create | Villager (Male) |
| 21:21 | Build | Dock |
| 21:23 | Build | House |
| 21:25 | Create | Villager (Male) |
| 21:26 | Build | House |
| 21:26 | Build | House |
| 21:27 | Build | House |
| 21:27 | Build | House |
| 21:27 | Build | House |
| 21:34 | Create | Mangonel |
| 22:03 | Create | Villager (Male) |
| 22:06 | Create | Spearman |
| 22:56 | Research | Fletching |
| 22:57 | Create | Villager (Male) |
| 23:02 | Build | House |
| 23:03 | Build | House |
| 23:32 | Create | Archer |
| 23:35 | Create | Archer |
| 23:47 | Create | Archer |
| 23:48 | Create | Archer |
| 23:50 | Create | Villager (Male) |
| 23:51 | Create | Villager (Male) |
| 24:13 | Create | Archer |
| 24:17 | Create | Armored Elephant |
| 24:35 | Create | Villager (Male) |
| 24:38 | Build | Farm |
| 24:39 | Build | Farm |
| 24:39 | Build | Farm |
| 24:39 | Build | Farm |
| 24:39 | Build | Farm |
| 24:40 | Build | Farm |
| 24:40 | Build | Farm |
| 25:20 | Create | Archer |
| 25:32 | Create | Villager (Male) |
| 25:43 | Build | Dock |
| 25:52 | Create | Villager (Male) |
| 26:03 | Create | Villager (Male) |
| 26:38 | Research | Crossbowman (upgrade) |
| 26:42 | Create | Villager (Male) |
| 26:44 | Build | Farm |
| 26:45 | Build | Farm |
| 26:46 | Create | Villager (Male) |
| 26:49 | Build | Lumber Camp |
| 27:03 | Create | Villager (Male) |
| 27:22 | Create | Villager (Male) |
| 27:52 | Research | Double-Bit Axe |
| 27:55 | Create | Villager (Male) |
| 28:14 | Create | Villager (Male) |
| 28:14 | Create | Villager (Male) |
| 28:15 | Create | Villager (Male) |
Build order — BB3097790
113 actions detected in the replay
| 0:12 | Build | Town Center |
| 0:41 | Build | Dock |
| 0:43 | Build | House |
| 2:27 | Create | Villager (Male) |
| 2:28 | Create | Villager (Male) |
| 2:28 | Create | Villager (Male) |
| 2:28 | Create | Villager (Male) |
| 2:29 | Create | Villager (Male) |
| 3:37 | Create | Fishing Ship |
| 3:48 | Create | Villager (Male) |
| 3:49 | Create | Villager (Male) |
| 3:56 | Build | House |
| 4:37 | Research | Loom |
| 4:47 | Create | Villager (Male) |
| 5:12 | Create | Fishing Ship |
| 5:12 | Create | Fishing Ship |
| 5:17 | Create | Villager (Male) |
| 5:52 | Build | House |
| 6:01 | Create | Villager (Male) |
| 6:01 | Create | Villager (Male) |
| 6:04 | Build | House |
| 6:14 | Create | Villager (Male) |
| 6:21 | Create | Villager (Male) |
| 6:22 | Create | Villager (Male) |
| 6:28 | Create | Fishing Ship |
| 6:28 | Create | Fishing Ship |
| 7:09 | Create | Villager (Male) |
| 7:09 | Create | Villager (Male) |
| 7:09 | Create | Villager (Male) |
| 7:33 | Build | House |
| 7:35 | Create | Fishing Ship |
| 7:50 | Create | Villager (Male) |
| 8:26 | Create | Villager (Male) |
| 8:36 | Create | Villager (Male) |
| 8:36 | Create | Villager (Male) |
| 8:37 | Create | Villager (Male) |
| 9:06 | Create | Villager (Male) |
| 9:14 | Create | Villager (Male) |
| 9:16 | Create | Fishing Ship |
| 9:16 | Create | Fishing Ship |
| 9:27 | Build | House |
| 10:02 | Build | House |
| 10:21 | Create | Villager (Male) |
| 10:55 | Create | Villager (Male) |
| 11:03 | Build | Mill |
| 11:25 | Build | Barracks |
| 11:43 | Create | Villager (Male) |
| 11:49 | Research | Feudal Age |
| 12:03 | Build | Mining Camp |
| 12:13 | Create | Villager (Male) |
| 12:19 | Build | House |
| 12:33 | Build | House |
| 12:54 | Create | Villager (Male) |
| 13:48 | Create | Villager (Male) |
| 14:01 | Age | Feudal Age |
| 14:05 | Build | Stable |
| 14:09 | Build | Blacksmith |
| 14:12 | Create | Villager (Male) |
| 14:27 | Create | Villager (Male) |
| 14:49 | Create | Scout Cavalry |
| 14:49 | Create | Scout Cavalry |
| 14:54 | Create | Spearman |
| 15:03 | Create | Scout Cavalry |
| 15:12 | Research | Bloodlines |
| 15:15 | Research | Scale Barding Armor |
| 15:29 | Create | Villager (Male) |
| 15:29 | Create | Villager (Male) |
| 15:36 | Build | Mining Camp |
| 15:56 | Create | Fishing Ship |
| 15:58 | Create | Villager (Male) |
| 16:02 | Build | Lumber Camp |
| 16:20 | Research | Forging |
| 16:20 | Research | Forging |
| 16:24 | Create | Villager (Male) |
| 16:54 | Create | Villager (Male) |
| 17:12 | Create | Villager (Male) |
| 17:34 | Create | Scout Cavalry |
| 18:01 | Build | Watch Tower |
| 18:05 | Create | Scout Cavalry |
| 18:30 | Create | Villager (Male) |
| 18:37 | Create | Villager (Male) |
| 18:45 | Build | House |
| 19:15 | Create | Villager (Male) |
| 19:17 | Research | Horse Collar |
| 19:22 | Build | Mill |
| 19:23 | Build | Farm |
| 19:23 | Build | Farm |
| 19:24 | Build | Farm |
| 19:24 | Build | Farm |
| 19:24 | Build | Farm |
| 19:25 | Build | Farm |
| 20:20 | Create | Villager (Male) |
| 20:42 | Create | Spearman |
| 20:58 | Create | Villager (Male) |
| 20:58 | Create | Villager (Male) |
| 21:49 | Create | Villager (Male) |
| 22:14 | Create | Villager (Male) |
| 22:19 | Create | Scout Cavalry |
| 22:30 | Build | Town Center |
| 23:06 | Build | House |
| 23:09 | Build | House |
| 23:30 | Build | House |
| 23:32 | Build | Palisade Wall |
| 23:45 | Research | Castle Age |
| 25:18 | Create | Villager (Male) |
| 25:34 | Build | Lumber Camp |
| 26:25 | Age | Castle Age |
| 26:29 | Build | Castle |
| 26:59 | Research | Scale Mail Armor |
| 27:28 | Build | Lumber Camp |
| 27:57 | Create | Obuch |
| 27:57 | Create | Obuch |
| 27:57 | Create | Obuch |
Match timeline
| 0:39 | General Nguyễn · first_building Dock |
| 0:41 | BB3097790 · first_building Dock |
| 11:25 | BB3097790 · first_building Barracks |
| 11:41 | General Nguyễn · first_building Barracks |
| 12:44 | General Nguyễn · age_up feudal |
| 13:37 | General Nguyễn · first_building Archery Range |
| 13:42 | General Nguyễn · wall_segment Palisade Wall x3 |
| 13:44 | General Nguyễn · wall_segment Palisade Wall x1 |
| 14:01 | BB3097790 · age_up feudal |
| 14:05 | BB3097790 · first_building Stable |
| 14:57 | General Nguyễn · wall_segment Palisade Wall x5 |
| 16:54 | General Nguyễn · age_up castle |
| 16:55 | General Nguyễn · wall_segment Palisade Wall x1 |
| 16:58 | General Nguyễn · first_building Siege Workshop |
| 17:15 | General Nguyễn · wall_segment Palisade Wall x1 |
| 18:40 | General Nguyễn · wall_segment Palisade Wall x1 |
| 23:32 | BB3097790 · wall_segment Palisade Wall x1 |
| 26:25 | BB3097790 · age_up castle |
| 26:29 | BB3097790 · first_building Castle |
| 28:16 | BB3097790 · resign |
[ AI ANALYSIS · 1 CREDIT ]
What really happened in this match?
Wolo.gg analyzes every decision: build order, eco, micro, common mistakes by bracket. Personalized analysis on WhatsApp or Discord in 30 seconds.
Civ guide
Dravidians
Perfil
Jugador #8727964